 Dungeon Crawl Stone Soup version 0.23.1 (webtiles) character file.

Game seed: 13886918764322853087

59 Borgoz the Sneak (level 4, -4/35 HPs)
             Began as a Ghoul Enchanter on Mar 3, 2019.
             Slain by Terence
             ... wielding a +0 mace
              (8 damage)
             ... on level 2 of the Dungeon.
             The game lasted 00:02:24 (772 turns).

Borgoz the Sneak (Ghoul Enchanter)                   Turns: 772, Time: 00:02:25

Health: -4/35      AC:  2    Str: 11    XL:     4   Next: 3%
Magic:  6/6        EV: 12    Int: 10    God:
Gold:   51         SH:  0    Dex: 10    Spells: 6/7 levels left

rFire    . . .     SeeInvis .   i - +2 short sword (speed)
rCold    + . .     Gourm    .   (no shield)
rNeg     + + +     Faith    .   b - +0 robe
rPois    ∞         Spirit   .   (no helmet)
rElec    .         Reflect  .   (no cloak)
rCorr    .         Harm     .   (no gloves)
MR       .....                  (no boots)
Stlth    ++........             (no amulet)
HPRegen  0.00/turn              (no ring)
MPRegen  0.10/turn              (no ring)

@: rotting
A: rotting body, claws 1, carnivore, cold resistance 1, negative energy
resistance 3, inhibited regeneration, torment resistance, unbreathing
a: no special abilities


You were on level 2 of the Dungeon.
You were not hungry.

You visited 1 branch of the dungeon, and saw 2 of its levels.

You collected 51 gold pieces.

Inventory:

Hand Weapons
 a - a +1 dagger
 i - a +2 short sword of speed (weapon)
Armour
 b - a +0 robe (worn)
Scrolls
 j - 2 scrolls of identify
Potions
 c - a potion of degeneration
Comestibles
 d - 3 rations
 f - 10 chunks of flesh


   Skills:
 + Level 1.1 Fighting
 * Level 1.6 Short Blades
 + Level 0.8 Armour
 * Level 2.2 Dodging
 + Level 3.5 Stealth
 + Level 2.0 Spellcasting
 + Level 2.6 Hexes


You had 6 spell levels left.
You knew the following spells:

 Your Spells              Type           Power        Failure   Level  Hunger
a - Corona                Hex            #......      11%         1    ##.....

Your spell library contained the following spells:

 Spells                   Type           Power        Failure   Level  Hunger
 Ensorcelled Hibernation  Hex/Ice        #.....       26%         2    ###....
 Confuse                  Hex            #.......     30%         3    ####...
 Tukima's Dance           Hex            #.......     30%         3    ####...
 Dazzling Spray           Conj/Hex       #.....       47%         3    ####...


Dungeon Overview and Level Annotations

Branches:
Dungeon (2/15)

Altars:
Wu Jian

Annotations:
D:2 Terence


Innate Abilities, Weirdness & Mutations

Your body is rotting away.
You thrive on raw meat.
You are immune to poison.
You have sharp fingernails.
You are carnivorous and can eat meat at any time.
Your flesh is cold resistant. (rC+)
You are immune to negative energy. (rN+++)
You do not regenerate when monsters are visible.
You are immune to unholy pain and torment.
You can survive without breathing.


Message History

The bat barely misses you. x2
The dart slug bites you but does no damage.
As you read the scroll labeled KEOPAC FIENEEB, it crumbles to dust.
You smell salt.
It was a scroll of random uselessness.
The bat closely misses you. Terence hits you with a +0 mace.
* * * LOW HITPOINT WARNING * * *
As you read the scroll labeled MOZYDO NIHYD, it crumbles to dust.
You feel blessed for a moment.
It was a scroll of remove curse.
The bat barely misses you. The bat hits you.
* * * LOW HITPOINT WARNING * * *
Terence closely misses you. The dart slug completely misses you.
As you read the scroll labeled HEN USETUBA, it crumbles to dust.
It is a scroll of enchant weapon.
Your +1 short sword of speed glows red for a moment.
The bat hits you but does no damage. The bat barely misses you.
Terence closely misses you. The dart slug closely misses you.
You closely miss the bat.
The bat is moderately wounded.
The bat hits you but does no damage. x2; Terence hits you with a +0 mace!
You die...

##########.#
#...# #.# #
#..#..# #.#
.#.. #..# #.#
##.. .##..##.#
#..##w..##..#.#
#.l.@lK..##...#
#K@##..S##..###
##w@## ##..##
#(#b.###..#.#
##.#..#..#.##
#÷#÷#...#.#.#
#############


You could see Terence, a dart slug, a bat, a kobold and a frilled lizard.

Vanquished Creatures
  3 adders (D:2)
  A worm (D:2)
  2 dart slugs
  2 giant cockroaches (D:1)
  A goblin (D:1)
  2 hobgoblins
  4 kobolds
  4 bats
  7 frilled lizards
  5 rats
31 creatures vanquished.

Notes
Turn   | Place    | Note
-------+----------+-------------------------------------------
     0 | D:1      | Borgoz the Ghoul Enchanter began the quest for the Orb.
     0 | D:1      | Reached XP level 1. HP: 14/14 MP: 2/2
    43 | D:1      | Reached skill level 1 in Short Blades
   100 | D:1      | Reached XP level 2. HP: 19/19 MP: 3/3
   533 | D:2      | Found an ornate altar of the Wu Jian Council.
   554 | D:2      | Reached XP level 3. HP: 25/27 MP: 4/4
   637 | D:2      | Reached skill level 1 in Fighting
   722 | D:2      | Reached XP level 4. HP: 32/35 MP: 6/6
   746 | D:2      | Noticed Terence
   772 | D:2      | Slain by Terence

Skill      XL: |  1  2  3 |
---------------+----------+-----
Short Blades   | 1 |  1.6
Dodging        | 2 |  2.2
Fighting       | 1 |  1.1
Spellcasting   | 2 |  2.0
Armour         | |  0.8
Stealth        | |  3.5
Hexes          | |  2.6

Action                   |  1- 3 |  4- 6 || total
-------------------------+-------+-------++-------
Melee: Dagger            |    48 |       ||    48
       Short sword       |    74 |    29 ||   103
  Use: Scroll            |       |     4 ||     4
       Potion            |       |     1 ||     1
 Stab: Sleeping          |     9 |       ||     9
  Eat: Chunk             |    11 |       ||    11
Armor: Robe              |    27 |    12 ||    39
Dodge: Dodged            |    77 |    48 ||   125
